AoeStats
← ross

Black Forest

509448581Analyzed
3v3 RM · 5d ago on Sep 26, 2026· 76m 21s· 6 players
Game mode
Random Map
Map size
Normal (6 player)
Population
200
Speed
Normal
Resources
Standard
Victory
Conquest
Starting age
Dark Age
Ending age
Imperial Age
RankedLock teamsTeams togetherTeam positionsShared explorationLock speedFull tech treeHidden civsTurbo modeCheats
Victory
Defeat
🇦🇷 Tupi · Argentina
1418
+15
🇲🇽 Saracens · Mexico
1367
+17
🇪🇸 Sicilians · Spain
1322
+19
🇦🇷 Ethiopians · Argentina
1503
-22
🇬🇧 Persians · United Kingdom
1427
-18
🇺🇸 Saracens · United States
1245
-11
FlashKiller
6:11 Loom
8:59 Feudal Age
19:24 Fletching
22:57 Castle Age
21:34 Double-Bit Axe
22:20 Padded Archer Armor
22:28 Horse Collar
23:09 Crossbowman
23:50 Bodkin Arrow
30:08 Wheelbarrow
29:37 Heavy Plow
30:19 Thumb Ring
31:50 Bow Saw
36:08 Imperial Age
35:02 Hand Cart
34:46 Gold Mining
36:27 Ballistics
36:13 Arbalester
37:39 Gold Shaft Mining
38:09 Chemistry
37:58 Bracer
38:14 Leather Archer Armor
38:06 Town Watch
39:17 Siege Engineers
40:03 Conscription
40:01 Murder Holes
41:18 Ring Archer Armor
44:21 Bimaristan
47:07 Onager
49:26 Siege Onager
54:43 Caravan
Blas de lezo
0:50 Loom
11:28 Feudal Age
15:30 Castle Age
14:53 Fletching
16:58 Bodkin Arrow
20:20 Bodkin Arrow
23:58 Double-Bit Axe
23:56 Horse Collar
27:10 Bow Saw
32:27 Ballistics
32:20 Padded Archer Armor
35:40 Imperial Age
35:34 Wheelbarrow
35:57 Leather Archer Armor
36:26 Bracer
37:30 Chemistry
36:56 Conscription
37:04 Heavy Plow
38:05 Two-Man Saw
36:56 Gold Mining
37:27 Stone Mining
38:31 Gold Shaft Mining
37:18 Elite Blackwood Archer
38:48 Ring Archer Armor
41:09 Champi Runner
41:10 Pikeman
42:19 Halberdier
43:15 Forging
43:05 Scale Mail Armor
43:33 Curare
43:54 Squires
43:39 Arson
47:06 Hand Cart
46:37 Town Watch
47:26 Chain Mail Armor
47:46 Iron Casting
57:53 Plate Mail Armor
66:53 Champi Warrior
68:27 Elite Champi Warrior
Arctic Empire
7:22 Loom
11:40 Feudal Age
12:36 Double-Bit Axe
12:34 Horse Collar
17:04 Castle Age
17:59 Heavy Plow
20:28 Scale Barding Armor
24:48 Coinage
27:57 Wheelbarrow
34:06 Imperial Age
32:56 First Crusade
32:48 Squires
32:35 Arson
33:13 Forging
33:06 Scale Mail Armor
34:44 Iron Casting
34:33 Town Watch
36:12 Hand Cart
35:57 Town Patrol
36:21 Ballistics
35:56 Murder Holes
38:41 Banking
38:22 Guilds
38:13 Caravan
38:50 Bow Saw
39:32 Fletching
39:44 Padded Archer Armor
39:59 Masonry
39:53 Onager
43:05 Blast Furnace
42:21 Chain Mail Armor
42:28 Conscription
42:17 Siege Engineers
42:51 Crop Rotation
42:11 Pikeman
42:37 Gambesons
42:50 Bodkin Arrow
43:11 Leather Archer Armor
43:39 Halberdier
47:04 Chemistry
45:50 Arrowslits
46:09 Bracer
46:13 Husbandry
47:01 Plate Mail Armor
47:13 Heavy Scorpion
51:06 Hoardings
54:41 Gold Mining
54:42 Stone Mining
58:08 Elite Serjeant
67:04 Bloodlines
76:14 Sappers
Mark-Semi-Noob
1:25 Loom
10:52 Feudal Age
19:39 Fletching
22:13 Castle Age
31:04 Horse Collar
31:27 Double-Bit Axe
32:44 Heavy Plow
35:00 Bow Saw
38:22 Imperial Age
37:15 Bodkin Arrow
37:21 Padded Archer Armor
40:07 Chemistry
39:03 Gold Mining
39:15 Elite Skirmisher
40:31 Bracer
43:47 Leather Archer Armor
45:06 Ring Archer Armor
51:59 Wheelbarrow
52:42 Two-Man Saw
52:54 Caravan
57:35 Ballistics
61:21 Fortified Wall
69:25 Onager
ross
7:24 Loom
11:17 Feudal Age
14:47 Castle Age
13:32 Double-Bit Axe
23:02 Wheelbarrow
22:31 Horse Collar
27:10 Hand Cart
34:30 Imperial Age
33:24 Scale Barding Armor
33:30 Forging
35:10 Chain Barding Armor
34:16 Elite War Elephant
35:17 Conscription
36:17 Heavy Plow
37:14 Plate Barding Armor
37:15 Iron Casting
41:16 Crop Rotation
40:59 Bow Saw
41:53 Blast Furnace
42:25 Caravan
43:48 Gold Mining
49:14 Onager
50:24 Fletching
52:21 Two-Man Saw
51:25 Bodkin Arrow
51:33 Padded Archer Armor
52:22 Devotion
LVA - Gleich
5:51 Loom
8:32 Feudal Age
9:50 Double-Bit Axe
12:46 Fletching
17:57 Padded Archer Armor
23:56 Castle Age
24:34 Bodkin Arrow
24:01 Crossbowman
29:14 Bow Saw
30:48 Ballistics
34:57 Thumb Ring
36:57 Gold Mining
42:34 Fortified Wall
47:16 Imperial Age
52:32 Imperial Age
50:40 Wheelbarrow
53:21 Masonry
52:43 Arbalester
54:47 Bracer
63:09 Elite Skirmisher
66:30 Leather Archer Armor
71:53 Horse Collar
74:20 Heavy Plow
Connection lost

Rejoining the realm…

Still unreachable

The connection could not be restored.

Session expired

The server has moved on; the page needs a fresh start.